 Dungeon Crawl Stone Soup version 0.21.1-1-g345015fe64 (webtiles) character file.

7532 KingHarkinian the Severer (level 11, -1/156 HPs)
             Began as a Hill Orc Berserker on Apr 14, 2018.
             Was a High Priest of Trog.
             Slain by an orc warrior
             ... wielding a +0 flail
              (14 damage)
             ... on level 10 of the Dungeon.
             The game lasted 00:46:53 (9438 turns).

KingHarkinian the Severer (Hill Orc Berserker)      Turns: 9438, Time: 00:46:54

Health: -1/156     AC: 25    Str: 24    XL:     11   Next: 16%
Magic:  11/11      EV:  2    Int:  7    God:    Trog [*****.]
Gold:   374        SH:  0    Dex: 10    Spells: 10/10 levels left

rFire    . . .     SeeInvis .   K - -1 morningstar
rCold    + . .     Gourm    .   (no shield)
rNeg     + + +     Faith    .   (armour currently unavailable)
rPois    +         Spirit   .   (helmet currently unavailable)
rElec    .         Reflect  .   (cloak currently unavailable)
rCorr    .         Harm     .   (gloves currently unavailable)
MR       .....     NoTele   +   (boots currently unavailable)
Stlth    +.........             (no amulet)
HPRegen  0.36/turn              C - ring of positive energy
MPRegen  0.12/turn              x - ring of protection from cold

@: tree-form, berserk cooldown, slowed, very slow
A: no striking features
a: Berserk, Trog's Hand, Brothers in Arms, Burn Spellbooks, Renounce Religion


You were on level 10 of the Dungeon.
You worshipped Trog.
Trog was extremely pleased with you.
You were very hungry.
You were a tree.
You visited 2 branches of the dungeon, and saw 11 of its levels.

You collected 374 gold pieces.

Inventory:

Hand Weapons
 a - a +0 hand axe
 g - a +0 hunting sling
 k - a +0 morningstar
 y - a +0 war axe
 D - a +0 blowgun
 K - a -1 morningstar (weapon)
Missiles
 f - 323 stones
 i - 13 tomahawks
 E - 9 poisoned needles
 L - 5 exploding tomahawks (quivered)
Armour
 b - a +0 animal skin
 o - a +0 scale mail (melded)
 q - a +1 helmet (melded)
Jewellery
 u - an uncursed ring of poison resistance
 x - a ring of protection from cold (right branch)
 C - a ring of positive energy (left branch)
 O - an uncursed amulet of magic regeneration {unknown}
Wands
 m - a wand of random effects (40)
 r - a wand of disintegration (12)
 t - a wand of polymorph (10)
 B - a wand of scattershot (8)
 H - a wand of iceblast (8)
 P - a wand of paralysis (12)
Scrolls
 j - 4 scrolls of remove curse
 l - 4 scrolls of magic mapping
 F - a scroll of enchant armour
 J - a scroll of identify
Potions
 d - 2 potions of mutation {unknown}
 e - 3 potions of haste
 h - 2 potions of flight
 n - 3 potions of lignification
 p - 3 potions of heal wounds {unknown}
 s - a potion of resistance {unknown}
 v - a potion of agility
 w - 4 potions of curing
 z - a potion of degeneration {unknown}
 G - a potion of cancellation {unknown}
Books
 I - a book of Frost

   Spells                             Type                      Level
   a - Freeze                         Ice                          1
   b - Throw Frost                    Conjuration/Ice              2
   c - Ozocubu's Armour               Charms/Ice                   3
   d - Throw Icicle                   Conjuration/Ice              4
   e - Summon Ice Beast               Ice/Summoning                4
   Trog disapproves of the use of such an item.
 M - a book of Changes

   Spells                             Type                      Level
   a - Beastly Appendage              Transmutation                1
   b - Sticks to Snakes               Transmutation                2
   c - Spider Form                    Transmutation/Poison         3
   d - Ice Form                       Ice/Transmutation            4
   e - Blade Hands                    Transmutation                5
   Trog disapproves of the use of such an item.
Comestibles
 c - 19 rations
 N - 4 chunks of flesh


   Skills:
 + Level 11.9 Fighting
 * Level 17.0 Axes
 - Level 2.1 Armour
 - Level 1.5 Dodging


You had 10 spell levels left.
You didn't know any spells.

Dungeon Overview and Level Annotations

Branches:
Dungeon (10/15)            Temple (1/1) D:4            Lair (0/6) D:8
    Orc (0/2) D:10

Altars:
Ashenzari
Cheibriados
Dithmenos
Elyvilon
Fedhas
Gozag
Hepliaklqana
Kikubaaqudgha
Makhleb
Nemelex Xobeh
Okawaru
Qazlal
Ru
Sif Muna
Trog
Uskayaw
Vehumet
Wu Jian
Xom
Yredelemnul
Zin
The Shining One
Beogh

Annotations:
D:3 2 transporters


Message History

Your +0 scale mail melds into your body.
Your roots penetrate the ground.
The orc warrior hits you but does no damage.
The orc hits you but does no damage.
The orc warrior hits you but does no damage.
The orc hits you but does no damage.
Evoke which item? (* to show all) (? for menu, Esc to quit)
Aiming: Scattershot
Press: ? - help, Shift-Dir - straight line, f - orc warrior
Aim: an orc warrior, wielding a flail and wearing a plate armour (moderately wounded)
The burst of metal fragments hits the orc warrior.
The burst of metal fragments hits the orc.
You kill the orc!
Trog accepts your kill.
The burst of metal fragments hits the orc warrior. x2
The orc warrior is moderately wounded.
The orc hits you with a whip.
* * * LOW HITPOINT WARNING * * *
The orc warrior hits you with a flail!
You die...

########## ..)=.)ooo#
$....o.oo#
###8'8##♣############
8..oo #............. ...o
#(............ _..
#####......... ..
#)######## > #####.######
##############............
.........)................
........(############.....


You could see an orc warrior and 5 orcs.

Vanquished Creatures
  Harold (D:10)
  2 two-headed ogres
  An orc knight (D:10)
  Joseph (D:9)
  Psyche (D:8)
  A hippogriff (D:5)
  A hungry ghost (D:7)
  An orc warrior (D:9)
  2 black bears
  An ice beast (D:8)
  2 sky beasts
  5 ogres
  3 centaurs
  A crocodile (D:8)
  5 bullfrogs
  2 big kobolds
  A wyvern skeleton (D:7)
  3 scorpions
  9 killer bees
  3 wights (D:8)
  A howler monkey (D:6)
  A crimson imp (D:7)
  A bullfrog zombie (D:10)
  7 orc wizards
  A quasit (D:10)
  5 orc priests
  The ghost of Delanovic the Sneak, a weakling SpEn (D:3)
  2 bullfrog skeletons
  3 hounds
  5 jellies
  A gnoll shaman (D:4)
  7 iguanas
  10 worker ants
  2 hound zombies (D:8)
  2 hound skeletons (D:4)
  A worker ant zombie (D:6)
  Robin (D:3)
  5 gnolls (D:4)
  A howler monkey skeleton (D:7)
  16 adders
  2 shadow imps
  5 oozes (D:8)
  An adder skeleton (D:9)
  3 worms
  5 leopard geckos
  34 orcs
  A ball python (D:1)
  6 bats
  2 giant cockroaches (D:3)
  9 goblins
  10 hobgoblins
  7 jackals (D:4)
  3 quokkas
  A ball python skeleton (D:6)
  A frilled lizard (D:5)
  10 kobolds
  A quokka skeleton (D:7)
  14 rats
234 creatures vanquished.

Vanquished Creatures (others)
  A hobgoblin (D:1)
1 creature vanquished.

Grand Total: 235 creatures vanquished

Notes
Turn   | Place    | Note
-------+----------+-------------------------------------------
     0 | D:1      | KingHarkinian the Hill Orc Berserker began the quest for the Orb.
     0 | D:1      | Reached XP level 1. HP: 19/19 MP: 1/1
   351 | D:1      | Reached XP level 2. HP: 27/27 MP: 2/2
   879 | D:1      | Reached skill level 5 in Axes
   879 | D:1      | Reached XP level 3. HP: 33/33 MP: 3/3
  1332 | D:2      | Reached XP level 4. HP: 26/41 MP: 4/4
  1526 | D:2      | Reached skill level 6 in Axes
  1679 | D:3      | Reached XP level 5. HP: 45/47 MP: 5/5
  1682 | D:3      | Reached ** piety under Trog
  1688 | D:3      | Reached skill level 5 in Fighting
  1688 | D:3      | Reached skill level 7 in Axes
  1769 | D:3      | Noticed Delanovic's ghost (weakling SpEn)
  1775 | D:3      | Killed Delanovic's ghost
  1783 | D:3      | Reached XP level 6. HP: 38/56 MP: 6/6
  1800 | D:3      | Found a burning altar of Makhleb.
  1837 | D:3      | Found a transporter.
  1863 | D:3      | Found a transporter.
  1941 | D:3      | Noticed Robin
  1970 | D:3      | Killed Robin
  2434 | D:4      | Reached skill level 8 in Axes
  2597 | D:4      | Reached XP level 7. HP: 41/63 MP: 7/7
  2601 | D:4      | Reached *** piety under Trog
  3253 | D:4      | Found a staircase to the Ecumenical Temple.
  3260 | Temple   | Entered the Ecumenical Temple
  3698 | D:4      | Reached skill level 9 in Axes
  3834 | D:5      | Entered Level 5 of the Dungeon
  3995 | D:5      | Reached skill level 10 in Axes
  4164 | D:5      | Reached XP level 8. HP: 73/73 MP: 8/8
  4461 | D:5      | Noticed a hippogriff
  4470 | D:5      | Killed a hippogriff
  4470 | D:5      | Reached skill level 11 in Axes
  4911 | D:6      | Found a bloodstained altar of Trog.
  5402 | D:7      | Reached skill level 12 in Axes
  5546 | D:7      | Reached XP level 9. HP: 82/82 MP: 9/9
  5631 | D:7      | Reached **** piety under Trog
  5721 | D:8      | Noticed a two-headed ogre
  5727 | D:8      | Noticed Psyche
  5736 | D:8      | Killed a two-headed ogre
  5736 | D:8      | Reached skill level 13 in Axes
  5737 | D:8      | Killed Psyche
  5737 | D:8      | Reached skill level 14 in Axes
  6075 | D:8      | Reached skill level 10 in Fighting
  6130 | D:8      | Reached XP level 10. HP: 91/93 MP: 10/10
  6206 | D:8      | Found a staircase to the Lair.
  6222 | D:8      | Found a hide-covered altar of Uskayaw.
  6969 | D:8      | Found a shimmering altar of Xom.
  7079 | D:8      | Reached skill level 15 in Axes
  8252 | D:9      | Received a gift from Trog
  8601 | D:9      | Noticed Joseph
  8617 | D:9      | Killed Joseph
  8818 | D:10     | Entered Level 10 of the Dungeon
  8909 | D:10     | Reached ***** piety under Trog
  9043 | D:10     | Reached skill level 16 in Axes
  9060 | D:10     | Noticed a two-headed ogre
  9067 | D:10     | Killed a two-headed ogre
  9075 | D:10     | Noticed Harold
  9093 | D:10     | Killed Harold
  9093 | D:10     | Reached XP level 11. HP: 77/104 MP: 11/11
  9376 | D:10     | Found a roughly hewn altar of Beogh.
  9376 | D:10     | Found a staircase to the Orcish Mines.
  9377 | D:10     | Noticed an orc knight
  9429 | D:10     | Killed an orc knight
  9429 | D:10     | Reached skill level 17 in Axes
  9438 | D:10     | Slain by an orc warrior

Skill      XL: |  1  2  3  4  5  6  7  8  9 10 11 |
---------------+----------------------------------+-----
Fighting       | 4 5 6 7 8 10 11 | 11.9
Axes           | 5 6 7 8 10 12 14 16 17 | 17.0
Armour         | |  2.1
Dodging        | |  1.5

Action                   |  1- 3 |  4- 6 |  7- 9 | 10-12 || total
-------------------------+-------+-------+-------+-------++-------
Melee: Hand axe          |   108 |   147 |    83 |       ||   338
       War axe           |       |       |   157 |   171 ||   328
       Morningstar       |       |       |       |   156 ||   156
Throw: Stone             |    36 |    44 |    35 |     5 ||   120
       Tomahawk          |       |       |    21 |    12 ||    33
Invok: Berserk           |     1 |     4 |     9 |     6 ||    20
       Trog's Hand       |       |     1 |       |       ||     1
       Brothers in Arms  |       |       |     1 |       ||     1
Evoke: Wand              |       |       |       |     5 ||     5
  Use: Scroll            |       |       |    12 |     2 ||    14
       Potion            |       |       |       |     3 ||     3
 Stab: Paralysed         |       |       |       |     2 ||     2
  Eat: Chunk             |     2 |     7 |    19 |     8 ||    36
       Ration            |       |       |     1 |     2 ||     3
Armor: Animal skin       |    22 |    14 |       |       ||    36
       Scale mail        |       |    17 |    67 |   130 ||   214
       Skin              |       |       |       |     3 ||     3
Dodge: Dodged            |    70 |    67 |   116 |   144 ||   397
